 Dungeon Crawl Stone Soup version 0.30-a0-636-g200c5c4a83 (webtiles) character file.

Game seed: 10442819937501712699

171 Alitron123 the Trooper (level 5, -1/42 HPs)
             Began as a Human Berserker on Jan 15, 2023.
             Was a Believer of Trog.
             Slain by Menkaure (7 damage)
             ... on level 3 of the Dungeon.
             The game lasted 00:13:37 (2865 turns).

Alitron123 the Trooper (Human Berserker)            Turns: 2865, Time: 00:13:37

Health: -1/42      AC:  8    Str: 17    XL:     5   Next: 81%
Magic:  5/5        EV: 11    Int:  8    God:    Trog [**....]
Gold:   159        SH:  0    Dex: 14    Spells: 4/4 levels left

rFire   . . .      SeeInvis .    l - +1 short sword (speed)
rCold   . . .      Faith    .    (no shield)
rNeg    . . .      Spirit   .    h - +1 ring mail
rPois   .          Reflect  .    (no helmet)
rElec   .          Harm     .    (no cloak)
rCorr   .          Rampage  .    b - +1 pair of gloves
Will    .....                    (no boots)
Stlth   +                        (no amulet)
HPRegen 0.27/turn                a - ring of flight
MPRegen 0.09/turn                (no ring)

@: on berserk cooldown, flying, slowed, very slow
A: no striking features
a: Renounce Religion, Berserk, Trog's Hand


You were on level 3 of the Dungeon.
You worshipped Trog.
Trog was pleased with you.
You visited 1 branch of the dungeon, and saw 3 of its levels.

You collected 159 gold pieces.

Inventory:

Hand Weapons
 l - a +1 short sword of speed (weapon)
Missiles
 k - 5 silver javelins (quivered)
Armour
 b - a +1 pair of gloves (worn)
 h - a +1 ring mail (worn)
Jewellery
 a - a ring of flight (left hand)
Scrolls
 c - a scroll of teleportation
 d - a scroll of blinking {unknown}
 n - 2 scrolls of identify
Potions
 e - 2 potions of magic
 f - a potion of haste
 g - a potion of might {unknown}
 i - a potion of berserk rage
 j - 2 potions of curing
 m - a potion of flight {unknown}


   Skills:
 + Level 4.0 Fighting
 + Level 2.2 Short Blades
 + Level 3.9 Axes
 + Level 2.6 Armour
 + Level 2.5 Dodging


You had 4 spell levels left.
You didn't know any spells.
Your spell library contained the following spells:

 Spells                   Type           Power      Damage    Failure   Level
 Magic Dart               Conj           0%         1d3       61%         1
 Slow                     Hex            0%         N/A       61%         1
 Call Imp                 Summ           0%         N/A       75%         2
 Confusing Touch          Hex            0%         N/A       93%         3
 Mephitic Cloud           Conj/Pois/Air  0%         N/A       93%         3
 Vampiric Draining        Necr           0%         2d6       93%         3


Dungeon Overview and Level Annotations

Branches:
Dungeon (3/15)

Altars:
Cheibriados
Kikubaaqudgha
Sif Muna
Yredelemnul
Zin

Shops:
D:1 *

Annotations:
D:3 1 transporter, Menkaure


Message History

The wight is almost destroyed.
The wight hits you with a +0 spear.
You feel drained.
You closely miss the wight.
The wight is almost destroyed.
You puncture the wight!
You destroy the wight!
Trog accepts your kill. The adder skeleton closely misses you.
Your life force feels restored.
Your Fighting skill increases to level 4!
Your Short Blades skill increases to level 2!
You barely miss the adder skeleton. You hit the adder skeleton.
The adder skeleton is lightly damaged.
You closely miss the adder skeleton.
The adder skeleton is lightly damaged.
The adder skeleton bites you but does no damage.
You barely miss Menkaure. Menkaure hits you!
* * * LOW HITPOINT WARNING * * *
You barely miss the adder skeleton.
The adder skeleton is lightly damaged.
The adder skeleton bites you but does no damage.
You are no longer berserk.
You are exhausted.
You feel yourself slow down.
You hit Menkaure.
Menkaure is lightly damaged.
Menkaure hits you but does no damage.
The adder skeleton attacks as you move away!
The adder skeleton bites you but does no damage.
Menkaure rustles drily.
Menkaure hits you but does no damage.
The adder skeleton bites you but does no damage.
The adder skeleton attacks as you move away!
The adder skeleton bites you but does no damage.
Menkaure calls on the powers of darkness!
Your body is wracked with pain!
* * * LOW HITPOINT WARNING * * *
Menkaure attacks as you move away! Menkaure hits you!
You die...

##### ##...#########
#######............#
#.......©.......##.##
#.#############.##..#
#.#.[........©#.###.#
#.#..)....@...#.# #.#
#.#..##.ZM##..#.# #.#
#.#Z.#8.).8#..#.# #.#
#.#..##...##..#.# #.#
#.#.....©.....#.#
#.##
#.#..##...##..#.#
#..#
#.#..#8...8#..#.#
##.#
#.#..##.).##..#.#
#.###
#.#...........#.#
#...####


You could see Menkaure (fast) and an adder skeleton.

Vanquished Creatures
  A wight (D:3)
  A mummy (D:3)
  4 adders
  An adder skeleton (D:3)
  2 dart slugs (D:3)
  4 orcs (D:3)
  12 endoplasms
  A giant cockroach (D:1)
  3 goblins
  5 hobgoblins
  3 jackals (D:1)
  A quokka (D:2)
  A ball python (D:2)
  7 bats
  3 frilled lizards
  A kobold (D:3)
  11 rats
61 creatures vanquished.

Notes
Turn   | Place    | Note
-------+----------+-------------------------------------------
     0 | D:1      | Alitron123 the Human Berserker began the quest for the Orb.
     0 | D:1      | Reached XP level 1. HP: 18/18 MP: 1/1
    16 | D:1      | Found Vifuty's General Store.
   162 | D:1      | Reached XP level 2. HP: 24/24 MP: 2/2
   776 | D:1      | Reached XP level 3. HP: 29/29 MP: 3/3
  1574 | D:2      | Reached ** piety under Trog
  1660 | D:2      | Reached XP level 4. HP: 36/37 MP: 4/4
  1757 | D:2      | Found a snail-covered altar of Cheibriados.
  2147 | D:3      | Found an ancient bone altar of Kikubaaqudgha.
  2147 | D:3      | Found a basalt altar of Yredelemnul.
  2148 | D:3      | Noticed a wight
  2148 | D:3      | Noticed Menkaure
  2176 | D:3      | Found a transporter.
  2187 | D:3      | Found a transporter.
  2241 | D:3      | Found a glowing silver altar of Zin.
  2341 | D:3      | Reached skill level 1 in Short Blades
  2643 | D:3      | Reached XP level 5. HP: 42/42 MP: 5/5
  2670 | D:3      | Found a shimmering blue altar of Sif Muna.
  2856 | D:3      | Reached skill level 4 in Fighting
  2865 | D:3      | Slain by Menkaure

Illustrated notes

Levels and vault maps discovered:
D:1:      amcnicky_arrival_single_pillar, layout_loops_corners, serial_shops,
          nicolae_shop_advertising_works [nicolae_subvault_shop_adworks],
          minmay_tetromino_i2
D:2:      layout_loops_ring, basic_altar
D:3:      layout_rooms, lemuel_blue_sif_altar, zin_academy,
          gammafunk_temple_of_torment

Skill      XL: |  1  2  3  4  5 |
---------------+----------------+-----
Short Blades   | 1 2 |  2.2
Fighting       | 4 |  4.0
Axes           | |  3.9
Armour         | |  2.6
Dodging        | |  2.5

Action                   |  1- 3 |  4- 6 || total
-------------------------+-------+-------++-------
Melee: Hand axe          |    81 |       ||    81
       Short sword       |    37 |   160 ||   197
       Punch             |       |     1 ||     1
Invok: Berserk           |       |     2 ||     2
  Use: Potion            |     5 |     1 ||     6
       Scroll            |     4 |     1 ||     5
Armor: Animal skin       |     1 |       ||     1
       Ring mail         |    59 |    38 ||    97
Dodge: Dodged            |    87 |    60 ||   147

Table legend: (Time is in decaauts)
 A = Elapsed time spent in this place.
 B = Non-inter-level travel time spent in this place.
 C = Inter-level travel time spent in this place.
 D = Time resting spent in this place.
 E = Time spent auto-exploring this place.
 F = Levels seen in this place.
 G = Mean time per level.
                   A        B        C        D        E       F      G
               +--------+--------+--------+--------+--------+-----+--------+
         Total |   2785 |   2346 |    439 |      0 |   1662 |   3 |  928.3 |
       Dungeon |   2785 |   2346 |    439 |      0 |   1662 |   3 |  928.3 |
               +--------+--------+--------+--------+--------+-----+--------+

Top non-repeatable levels by time:
     D:1: 1056 daAuts
     D:2: 943 daAuts
     D:3: 785 daAuts
